 Dungeon Crawl Stone Soup version 0.29.1-4-g47bece8355 (webtiles) character file.

Game seed: 6405540668618733248

59 timelord the Ruffian (level 3, -2/28 HPs)
             Began as a Demigod Transmuter on Dec 7, 2022.
             Slain by Sigmund
             ... wielding a +0 scythe
              (4 damage)
             ... on level 2 of the Dungeon.
             The game lasted 00:19:24 (2342 turns).

timelord the Ruffian (Demigod Transmuter)           Turns: 2342, Time: 00:19:25

Health: -2/28      AC:  5    Str: 15    XL:     3   Next: 54%
Magic:  0/8        EV: 10    Int: 15    God:
Gold:   63         SH:  5    Dex: 14    Spells: 4/5 levels left

rFire   . . .      SeeInvis .   s - +4 dagger (drain)
rCold   . . .      Faith    .   f - +2 buckler
rNeg    . . .      Spirit   +   m - +0 ring mail
rPois   .          Reflect  .   (helmet currently unavailable)
rElec   .          Harm     .   (no cloak)
rCorr   .          Rampage  .   (no gloves)
Will    .....                   (boots currently unavailable)
Stlth   +.........              n - amulet of guardian spirit
HPRegen 0.09/turn               (no ring)
MPRegen 0.11/turn               (no ring)

@: appendages (expiring)
A: horns 2, talons 2, high MP 1, forlorn, divine attributes
a: End Transformation


You were on level 2 of the Dungeon.
You had temporarily grown beastly horns and talons.
You visited 1 branch of the dungeon, and saw 2 of its levels.

You collected 63 gold pieces.

Inventory:

Hand Weapons
 c - a +0 whip
 d - a +0 club
 i - a +0 short sword
 j - a +2 mace of protection
 k - a +0 club
 o - a +0 dagger
 p - a +0 whip
 q - a +0 short sword
 r - a +0 dagger
 s - a +4 dagger of draining (weapon)
 u - a +0 dagger
 v - a +0 whip
 w - a +0 short sword
Missiles
 h - 13 stones
Armour
 a - a +0 robe
 f - a +2 buckler (worn)
 g - a +0 leather armour
 l - a +0 ring mail
 m - a +0 ring mail (worn)
 t - a +0 helmet (melded)
 y - a +0 robe
 B - a +0 barding
Jewellery
 n - an amulet of guardian spirit (around neck)
Scrolls
 e - a scroll of amnesia {unknown}
 x - 3 scrolls of identify {unknown}
 A - a scroll of fog {unknown}
 C - a scroll of enchant weapon {unknown}
Potions
 b - a potion of lignification
 z - a potion of resistance {unknown}


   Skills:
 + Level 1.3 Fighting
 + Level 1.7 Maces & Flails
 + Level 0.3 Armour
 + Level 2.0 Dodging
 + Level 0.1 Stealth
 + Level 0.4 Shields
 + Level 3.0 Unarmed Combat
 + Level 1.9 Spellcasting
 + Level 2.0 Transmutations


You had 4 spell levels left.
You knew the following spells:

 Your Spells              Type           Power      Damage    Failure   Level
a - Beastly Appendage     Tmut           14%        N/A       26%         1

Your spell library contained the following spells:

 Spells                   Type           Power      Damage    Failure   Level
 Wereblood                Tmut           7%         N/A       38%         2
 Spider Form              Tmut/Pois      4%         N/A       77%         3
 Ice Form                 Ice/Tmut       4%         N/A       99%         4


Dungeon Overview and Level Annotations

Branches:
Dungeon (2/15)

Shops:
D:2 :

Annotations:
D:2 Sigmund


Innate Abilities, Weirdness & Mutations

You have temporarily grown beastly horns and talons.
You have an increased reservoir of magic. (+10% MP)
You shall have no god before yourself.
Your divine heritage dramatically boosts your attributes as you level up.


Message History

You hit the hobgoblin. You drain the hobgoblin.
You kill the hobgoblin!
Your life force feels restored.
Found a scroll labelled TILUIDO NIHUE.
Found 10 gold pieces.
Sigmund the Dreaded comes into view.
He is wielding a +0 scythe.
Sigmund shouts!
Sigmund casts a spell at you.
You are confused.
Sigmund hits you from afar with a +0 scythe!
You bump into the rock wall.
Sigmund hits you but does no damage.
You're too confused to cast spells.
You're too confused to move!
Sigmund drinks a potion.
Sigmund flickers and vanishes!
Deactivating autopickup; reactivate with Ctrl-A.
You're too confused to cast spells.
A puff of flame appears from out of thin air!
The puff of flame hits you!
Okay, then.
You bump into the rock wall.
You feel less confused.
You start resting.
You block something's attack.
You start resting.
You block something's attack.
You miscast Beastly Appendage.
You are very lightly contaminated with residual magic.
Nothing appears to happen.
You grow a pair of large bovine horns.
Your feet morph into talons.
Your +0 helmet melds into your body.
Something hits you. Something hits you but does no damage.
You barely miss something. Your kick misses something. You hit something.
Something hits you.
You closely miss something.
Your transformation is almost over.
Something hits you.
You barely miss something. You claw something.
Your magical contamination has completely faded away.
You miss something. Your headbutt misses something. Something hits you!
* * * LOW HITPOINT WARNING * * *
You miss something. You claw something. Something hits you.
You die...

..#
##.#######.##....##.#
#........#.##.##.##.##
########.#.##.#......#
#########.#.##.########
........#.#.##.#
#######.#.#.##.#
#.#...##.# #{#.####.#
######@#...##.#
#......####...#
#.###### #.###
###########.# #.#
............# #.#
###########.# ####.# #
### #....# # #.#### #
#.###


There were no monsters in sight!

Vanquished Creatures
  A gnoll (D:1)
  A dart slug (D:1)
  6 ball pythons (D:1)
  A bat (D:1)
  5 endoplasms
  2 giant cockroaches (D:1)
  5 goblins (D:1)
  7 hobgoblins
  3 jackals (D:1)
  A quokka (D:1)
  A frilled lizard (D:1)
  6 kobolds (D:1)
  A rat (D:1)
40 creatures vanquished.

Notes
Turn   | Place    | Note
-------+----------+-------------------------------------------
     0 | D:1      | timelord the Demigod Transmuter began the quest for the
                  | Orb.
     0 | D:1      | Reached XP level 1. HP: 15/15 MP: 5/5
    32 | D:1      | Reached skill level 1 in Fighting
   460 | D:1      | Reached skill level 1 in Maces & Flails
   460 | D:1      | Reached XP level 2. HP: 17/23 MP: 7/7
  1052 | D:1      | Reached skill level 3 in Unarmed Combat
  1184 | D:1      | Reached XP level 3. HP: 24/28 MP: 4/8
  2023 | D:2      | Found Vitwus's Book Shoppe.
  2322 | D:2      | Noticed Sigmund
  2342 | D:2      | Slain by Sigmund

Illustrated notes

Levels and vault maps discovered:
D:1:      minmay_arrival_three_doors, layout_basic, minmay_pentomino_o2
D:2:      layout_basic, dilly_ecumenical_altar_fadedgnrine, serial_shops,
          nicolae_diamond_shop, basic_altar, serial_bayou_lake_a, uniq_sigmund

Skill      XL: |  1  2  3 |
---------------+----------+-----
Fighting       | 1 |  1.3
Maces & Flails | 1 |  1.7
Unarmed Combat | 3 |  3.0
Dodging        | 2 |  2.0
Transmutations | 2 |  2.0
Armour         | |  0.3
Stealth        | |  0.1
Shields        | |  0.4
Spellcasting   | |  1.9

Action                   || total
-------------------------++-------
Melee: Whip              ||    59
       Unarmed           ||     2
       Mace              ||    40
       Kick              ||     5
       Dagger            ||    34
 Cast: Beastly Appendage ||     5
Armor: Robe              ||     7
       Leather armour    ||     2
       Ring mail         ||    22
Dodge: Dodged            ||    59
Block: Buckler           ||    33
